 Dungeon Crawl Stone Soup version 0.20.1-1-g8b1a95d66d (webtiles) character file.

21 Jynx the Changer (level 2, -1/21 HPs)
             Began as a Merfolk Transmuter on Dec 30, 2017.
             Slain by a goblin
             ... wielding a +0 dagger
             ... led by Robin
              (3 damage)
             ... on level 1 of the Dungeon.
             The game lasted 00:01:18 (1063 turns).

Jynx the Changer (Merfolk Transmuter)               Turns: 1063, Time: 00:01:19

Health: -1/21      AC:  2    Str: 10    XL:     2   Next: 87%
Magic:  4/5        EV: 13    Int: 12    God:
Gold:   52         SH:  0    Dex: 14    Spells: 4/5 levels left

rFire    . . .     SeeInvis .     - Unarmed
rCold    . . .     Gourm    .   (no shield)
rNeg     . . .     Faith    .   b - +0 robe
rPois    .         Spirit   .   (no helmet)
rElec    .         Reflect  .   (no cloak)
rCorr    .         Harm     .   (no gloves)
MR       .....                  (no boots)
Stlth    +.........             (no amulet)
Regen    0.1/turn               (no ring)
MPRegen  0.1/turn               (no ring)

@: appendage
A: change form in water, swift swim, stealthy swim, horns 2
a: End Transformation


You were on level 1 of the Dungeon.
You were hungry.
You had grown temporary horns.
You visited 1 branch of the dungeon, and saw 2 of its levels.

You collected 52 gold pieces.

Inventory:

Missiles
 a - 12 arrows
Armour
 b - a +0 robe (worn)
Scrolls
 j - 3 scrolls of remove curse {unknown}
 k - a scroll of identify {unknown}
 l - a scroll of magic mapping {unknown}
Potions
 e - a potion of berserk rage {unknown}
 g - a potion of heal wounds {unknown}
 i - a potion of magic {unknown}
Books
 c - a book of Changes

   Spells                             Type                      Level
   a - Beastly Appendage              Transmutation                1
   b - Sticks to Snakes               Transmutation                2
   c - Spider Form                    Transmutation/Poison         3
   d - Ice Form                       Ice/Transmutation            4
   e - Blade Hands                    Transmutation                5
Comestibles
 d - 3 bread rations
 h - a meat ration


   Skills:
 - Level 1.1 Fighting
 - Level 2.6 Dodging
 - Level 3.2 Unarmed Combat
 + Level 2.3 Spellcasting
 * Level 3.9 Transmutations


You had 4 spell levels left.
You knew the following spells:

 Your Spells              Type           Power        Failure   Level  Hunger
a - Beastly Appendage     Tmut           ##....       5%          1    ##.....


Dungeon Overview and Level Annotations

Branches:
Dungeon (2/15)

Altars:

Annotations:
D:1 Robin


Innate Abilities, Weirdness & Mutations

You revert to your normal form in water.
You are very nimble and swift while swimming.
You are very stealthy in the water. (Stealth+)
You have a pair of horns on your head.


Message History

You are too injured to fight recklessly!
You are too injured to fight recklessly!
You are too injured to fight recklessly!
You hit Robin but do no damage.
Robin is moderately wounded.
The goblin closely misses you. Robin hits you with a club.
* * * LOW HITPOINT WARNING * * *
You hit Robin.
Robin is moderately wounded.
The goblin hits you with a dagger.
* * * LOW HITPOINT WARNING * * *
Robin hits you but does no damage.
You barely miss Robin. You headbutt Robin.
Robin is heavily wounded.
The goblin closely misses you. Robin hits you with a club.
* * * LOW HITPOINT WARNING * * *
You closely miss Robin.
Robin is heavily wounded.
The goblin hits you with a dagger.
You die...

#.# #................#..####.#
#.# #.........#.####.#..####.###
#.# #.###..#..#.####.#..........
#.# #.##................#.......
#.# #...........####.#........#.
#.####.#....#....####.#..#.##..#.
#................................
#...........#....................
####............@g...............
#...#..#.##.g.#.##.#..........
#.....................#.###...
#.............#....##.#.# #.#.
#.......................# #.#.
#..#.#.................## #.#.
###..#.#...###.......##### #.#.
#....................# #.##
#.##.#.##..#..#.#....# #...


You could see Robin and a goblin.

Vanquished Creatures
  A dart slug (D:1)
  3 bats (D:1)
  2 giant cockroaches (D:1)
  3 goblins (D:1)
  A hobgoblin (D:1)
  2 frilled lizards (D:1)
  2 kobolds (D:1)
  6 rats (D:1)
20 creatures vanquished.

Notes
Turn   | Place    | Note
-------+----------+-------------------------------------------
     0 | D:1      | Jynx the Merfolk Transmuter began the quest for the Orb.
     0 | D:1      | Reached XP level 1. HP: 15/15 MP: 3/3
   322 | D:1      | Reached XP level 2. HP: 14/21 MP: 3/5
  1051 | D:2      | Noticed Robin
  1063 | D:1      | Slain by a goblin

Skill      XL: |  1 |
---------------+----+-----
Transmutations | 3 |  3.9
Fighting       | |  1.1
Dodging        | |  2.6
Unarmed Combat | |  3.2
Spellcasting   | |  2.3

Action                   || total
-------------------------++-------
Melee: Unarmed           ||    64
       Headbutt          ||     9
 Cast: Beastly Appendage ||    19
Armor: Robe              ||    17
Dodge: Dodged            ||    47
